[Event "Early-Titled-Tuesday-Blitz-June-18-2024"]
[Site "Chess.com"]
[Date "2024.06.18"]
[Round "1"]
[White "The_Sherman_Variation"]
[Black "GambitGiesbergen"]
[Result "0-1"]
[WhiteElo "2646"]
[BlackElo "2370"]
[TimeControl "180+1"]
[EndTime "8:08:35 PDT"]
[Termination "GambitGiesbergen won by resignation"]

1. b3 e5 2. Bb2 Nc6 3. e4 Bc5 4. Nf3 Nf6 5. Be2 Nxe4 6. O-O d6 7. d4 exd4 8. Nxd4 Nxd4 9. Bxd4 O-O 10. Bf3 Bf5 11. Nc3 Bxd4 12. Qxd4 Nxc3 13. Qxc3 c6 14.
Rad1 Qc7 15. Qd2 d5 16. c3 Rfe8 17. Rfe1 Rad8 18. Qd4 b6 19. h3 h6 20. Qh4 Bg6 21. c4 dxc4 22. Qxc4 Rxe1+ 23. Rxe1 c5 24. g3 Kh7 25.
Kg2 Bf5 26. Re3 Kh8 27. Qe2 Be6 28. h4 Qd7 29. Kh2 Qd2 30. Qf1 Qxa2 31. Kg2 Rd2 32. Qe1 Qc2 33. Be4 Qd1 34. Qxd1 Rxd1 35. f4 g6 36. h5 Bd5 37. Bxd5 Rxd5 38. hxg6 fxg6 39.
Re8+ Kg7 40. Re7+ Kf6 41. Rxa7 Rd3 42. Ra3 Kf5 43. Kh3 g5 44. fxg5 hxg5 45. Kg2 Kg4 46.
Ra4+ Kf5 47. g4+ Ke5 48. Ra3 Kf4 49. Ra4+ Rd4 50. Ra8 Rd2+ 51. Kf1 Kxg4 52. Rb8 Rd6 53. Kf2 Kf4 54. Rf8+ Ke4 55. Re8+ Kd4 56. Rg8 Rd5 57. Rg6 b5 58. Re6 Kc3 59. Re3+ Kb4 60. Ke2 c4 61. bxc4 bxc4 62. Re8 Kb3 63. Rb8+ Kc2 64. Rg8 c3 65.
Rb8 Kc1 66. Rb4 c2 67. Rb8 g4 68. Rb4 g3 69. Rg4 g2 70. Rxg2 Rd2+ 71. Ke3 Rxg2 0-1

[Event "Early-Titled-Tuesday-Blitz-June-18-2024"]
[Site "Chess.com"]
[Date "2024.06.18"]
[Round "1"]
[White "unkiyto"]
[Black "ural58"]
[Result "0-1"]
[WhiteElo "2712"]
[BlackElo "2428"]
[TimeControl "180+1"]
[EndTime "8:08:38 PDT"]
[Termination "ural58 won by resignation"]

1. e4 d5 2. exd5 Qxd5 3. Nc3 Qd6 4. d4 c6 5. Nf3 Bf5 6. Bc4 e6 7. O-O Nf6 8. Bg5 Be7 9. Bh4 O-O 10. Bg3 Qd8 11.
Bd3 Bxd3 12. Qxd3 Nbd7 13. Ne4 Nxe4 14. Qxe4 Nf6 15. Qd3 Bd6 16. c3 Bxg3 17. hxg3 Qd5 18. Qe3 h6 19. Ne5 Nd7 20. f4 Rad8 21. g4 f6 22. Ng6 Rfe8 23. Rae1 c5 24. f5 e5 25.
dxc5 Qxc5 26. Qxc5 Nxc5 27. Rd1 Kf7 28. Kh2 a5 29. Kg3 b6 30. Kf3 Ne6 31. Nxe5+ fxe5 32. fxe6+ Kxe6 33. Rxd8 Rxd8 34. Ke3 b5 35. b3 a4 36.
Rb1 Rc8 37. Kd3 Rf8 38. bxa4 bxa4 39. Rb6+ Kd5 40. Rb5+ Kd6 41. Rb2 Rf4 42. Rb6+ Ke7 43. Rb5 Rxg4 44. Rxe5+ Kd6 45. Re2 Kd5 46. Rf2 Rg3+ 47.
Kd2 g5 48. Rf5+ Kc4 49. Rf2 h5 50. Re2 Rd3+ 51. Ke1 Kxc3 52. Re5 Rg3 53. Kf2 h4 54. Ra5 Kb4 55. Ra8 Ra3 56. Rg8 Rg3 57. Ra8 a3 58.
Rb8+ Kc3 59. Rb3+ Kc2 60. Rb8 Kc1 61. Rb7 Rg4 62. Rb6 Rf4+ 63. Kg1 Rc4 64. Kh2 g4 65.
Rg6 Kb2 66. Rxg4 Rxg4 67. Kh3 Rg3+ 68. Kxh4 Rxg2 69. Kh3 Rg8 70. Kh2 Kxa2 0-1

[Event "Early-Titled-Tuesday-Blitz-June-18-2024"]
[Site "Chess.com"]
[Date "2024.06.18"]
[Round "1"]
[White "edgarhay012"]
[Black "Acva-Alenok"]
[Result "0-1"]
[WhiteElo "2687"]
[BlackElo "2405"]
[TimeControl "180+1"]
[EndTime "8:08:38 PDT"]
[Termination "Acva-Alenok won by checkmate"]

1. e4 c6 2. d4 d5 3. Nc3 dxe4 4. Nxe4 Bf5 5. Ng3 Bg6 6. h4 h6 7. Nf3 Nd7 8. h5 Bh7 9. Bd3 Bxd3 10. Qxd3 e6 11.
Bd2 Ngf6 12. O-O-O Be7 13. Kb1 O-O 14. Ne4 Nxe4 15.
Qe3 Ndf6 16. Be1 Qd5 17. Qe2 Qb5 18. Qe3 Bb4 19. c3 Bxc3 20. Qc1 Nd5 21. Qc2 Bxb2 22. Qxb2 Ndc3+ 23. Bxc3 Nxc3+ 24. Kc2 Qxb2+ 25. Kxb2 Nxd1+ 26. Rxd1 Rfd8 27. g4 Rd5 28. g5 hxg5 29. Kc3 c5 30. Rg1 cxd4+ 31. Kd3 f6 32. Nd2 Rc8 33. Ne4 Kf7 34. Rb1 b6 35. a4 Ke7 36. Rg1 Ra5 37.
f4 Rxa4 38. fxg5 Ra3+ 39. Kd2 f5 40. Ng3 d3 41. Nf1 Rc2+ 42. Ke3 d2+ 43. Ke2 Ra1 44. Nxd2 Rxg1 45. h6 Rg2+ 46. Kf3 Rgxd2 47. h7 Rh2 48. g6 Rh6 49. Kf4 Rch2 50. h8=Q Rxh8 51. Kg5 Rg2+ 52. Kf4 e5+ 53. Kxf5 Rf8+ 54. Ke4 Rxg6 55. Kd5 Rd6+ 56. Kc4 Rc8+ 57. Kb5 Kd7 58. Ka6 Kc7 59. Kb5 Rd5+ 60. Kb4 Kd6 61. Ka4 Rcc5 62. Kb3 Rd4 63.
Kb2 Rb4+ 64. Ka3 Rb1 65. Ka2 Rbb5 66. Ka3 Rc1 67. Ka4 a6 68. Ka3 Ra1# 0-1

[Event "Early-Titled-Tuesday-Blitz-June-18-2024"]
[Site "Chess.com"]
[Date "2024.06.18"]
[Round "1"]
[White "cristiano78"]
[Black "jeetjain"]
[Result "1/2-1/2"]
[WhiteElo "2235"]
[BlackElo "2589"]
[TimeControl "180+1"]
[EndTime "8:08:39 PDT"]
[Termination "Game drawn - insufficient material"]

1. d4 Nf6 2. c4 c5 3. d5 b5 4.
cxb5 a6 5. bxa6 g6 6. Nc3 Bg7 7. Nf3 O-O 8. e4 Bxa6 9. Bxa6 Rxa6 10. O-O d6 11. h3 Nbd7 12. Qe2 Qa8 13. Bd2 Rb8 14.
Rab1 Ne8 15. a3 Nc7 16. Rfc1 Rab6 17. Be1 Nb5 18. Nxb5 Rxb5 19. Qc2 Nb6 20. b4 Qxa3 21. bxc5 Rxc5 22. Qd1 Rxc1 23. Qxc1 Qxc1 24. Rxc1 Nd7 25. Rc7 Nc5 26. Rxe7 Bf8 27. Ra7 Nxe4 28. Kf1 Kg7 29. Nd2 Nf6 30. Ra5 Rb4 31. f3 Rd4 32. Ne4 Nxe4 33.
fxe4 Rxe4 34. Bc3+ Kh6 35. Ra7 Rf4+ 36. Ke2 Rf5 37. g4 Rxd5 38. Rxf7 Rc5 39. Bd2+ g5 40. Rxf8 Kg6 41. Rd8 d5 42. Rd6+ Kg7 43. Bxg5 Rb5 44.
Bh6+ Kf7 45. g5 Ra5 46. Rd7+ Kg6 47. Rg7+ Kf5 48. Rxh7 d4 49. Rf7+ Ke4 50. Re7+ Kf5 51. Kd3 Ra3+ 52. Kxd4 Rxh3 53. Re5+ Kg6 54. Re6+ Kf5 55.
Rf6+ Kg4 56. Ke5 Kh5 57. Ke6 Rg3 58. Kf7 Rg2 59. g6 Kxh6 60. g7+ Kh7 61. Rh6+ Kxh6 62. g8=Q Rxg8 63. Kxg8 1/2-1/2

[Event "Early-Titled-Tuesday-Blitz-June-18-2024"]
[Site "Chess.com"]
[Date "2024.06.18"]
[Round "1"]
[White "savitha1030"]
[Black "Andrey-Ivanov2011"]
[Result "1-0"]
[WhiteElo "2563"]
[BlackElo "2009"]
[TimeControl "180+1"]
[EndTime "8:08:39 PDT"]
[Termination "savitha1030 won by resignation"]

1. Nf3 d5 2. g3 g6 3. Bg2 Bg7 4. O-O Nf6 5. d4 O-O 6. c4 c5 7. cxd5 cxd4 8. Nxd4 Nxd5 9. Nb3 Nb6 10. Nc3 Nc6 11. Be3 Be6 12. Nc5 Qc8 13. Nxe6 Qxe6 14. Bxb6 Bxc3 15. bxc3 axb6 16. Qc2 Rfd8 17. Rfb1 Rac8 18.
Rxb6 Nd4 19. Qb2 Qxe2 20. cxd4 Rc2 21. Qxc2 Qxc2 22. d5 Qc7 23. Rab1 Rb8 24. a4 Kg7 25. a5 Re8 26. h4 h5 27. Kh2 Qc5 28. R1b5 Qxf2 29. Rxb7 Qa2 30. Rc7 Qa4 31. Rcc5 Rd8 32. Rb6 Qa3 33. Rcb5 Rd6 34. a6 Rxb6 35. Rxb6 Qa5 36.
Rc6 g5 37. hxg5 h4 38. gxh4 Qa4 39. Kh3 Qb3+ 40. Kh2 Qa4 41. Kh3 Qa3+ 42. Kh2 Qa5 43. Kg3 Qa3+ 44. Bf3 Qa4 45. a7 Qxa7 46. Rc4 Qd7 47.
Rg4 Qd6+ 48. Kh3 Qc5 49. h5 e6 50. h6+ Kg8 51. dxe6 fxe6 52. g6 Qf5 53. h7+ Kg7 54. Kg3 Qe5+ 55. Kg2 Qb2+ 56. Kh3 Qc1 57. Rh4 Qc7 58.
h8=Q+ Kxg6 59. Qh5+ Kf6 60. Qh6+ Ke7 61. Qg7+ Kd6 62.
Qxc7+ Kxc7 63. Rd4 Kc8 64. Rd1 Kc7 65. Kg4 Kb6 66. Kf4 Kc7 67. Ke5 1-0

[Event "Early-Titled-Tuesday-Blitz-June-18-2024"]
[Site "Chess.com"]
[Date "2024.06.18"]
[Round "1"]
[White "Witik"]
[Black "DeArron_Fox"]
[Result "1-0"]
[WhiteElo "2832"]
[BlackElo "2473"]
[TimeControl "180+1"]
[EndTime "8:08:40 PDT"]
[Termination "Witik won on time"]

1. d4 d5 2. Bf4 Nf6 3. e3 c5 4. c3 Nc6 5. Nd2 Bf5 6. Ngf3 e6 7.
Nh4 Bg4 8. Qb3 Qb6 9. h3 Bh5 10. g4 Bg6 11. Nxg6 hxg6 12. Be2 O-O-O 13. Kf1 Bd6 14.
Bxd6 Rxd6 15. Qa3 Qa5 16. Qxa5 Nxa5 17. dxc5 Rdd8 18. b4 Nc6 19. Kg2 Nd7 20. Nf3 Nde5 21. Ng5 Rdf8 22. Rhd1 Nd8 23. f4 Nec6 24. a3 f6 25. Nf3 Nf7 26. c4 dxc4 27. Bxc4 Re8 28. h4 Re7 29. Rd2 Rhe8 30. Rad1 e5 31. b5 Na5 32.
Bxf7 Rxf7 33. fxe5 fxe5 34. Ng5 Rfe7 35. Ne4 Nc4 36.
Nd6+ Nxd6 37. Rxd6 e4 38. Rxg6 Re5 39. Rc1 R8e7 40. Kg3 Rd5 41. Rd6 Rd3 42. Rxd3 exd3 43.
Kf3 Rf7+ 44. Ke4 d2 45. Rd1 Rf2 46. h5 Kd7 47. Kd3 Rg2 48. Rxd2 Rxg4 49. Kc3+ Ke7 50. c6 bxc6 51. bxc6 Rg5 52. Kb4 a5+ 53. Kc4 Rg1 54. Kb5 Rb1+ 55. Kxa5 Rc1 56. Kb6 Rb1+ 57. Ka7 Rb3 58. a4 Rxe3 59. a5 Rc3 60. Kb7 Rb3+ 61.
Ka6 Rc3 62. Kb5 Rb3+ 63. Kc4 Rb1 64. a6 Ra1 65. Kb5 Rb1+ 66. Kc5 Rc1+ 67. Kb6 Rb1+ 68. Ka7 Rc1 69. Kb7 Rb1+ 70. Ka8 Ra1 71. a7 Rc1 72. Ra2 Rxc6 73. Kb7 1-0

[Event "Early-Titled-Tuesday-Blitz-June-18-2024"]
[Site "Chess.com"]
[Date "2024.06.18"]
[Round "1"]
[White "Tol_Tol"]
[Black "AldokhinIvan"]
[Result "1-0"]
[WhiteElo "2368"]
[BlackElo "2645"]
[TimeControl "180+1"]
[EndTime "8:08:41 PDT"]
[Termination "Tol_Tol won on time"]

1. d4 Nf6 2. c4 g6 3. Nc3 Bg7 4.
e4 d6 5. f3 O-O 6. Be3 c6 7. Bd3 e5 8. Nge2 Na6 9. O-O Qe7 10.
a3 exd4 11. Bxd4 Nc5 12. b4 Nxd3 13. Qxd3 a6 14. c5 Rd8 15. Qe3 dxc5 16. Bxc5 Qe6 17. Rfd1 Bd7 18. Bb6 Re8 19. Na4 Bc8 20. Nc5 Qe5 21.
Nd3 Qh5 22. Bd4 a5 23. Ng3 Qh4 24. Nc5 axb4 25. axb4 Rxa1 26. Bxa1 b6 27. Nb3 Be6 28. Nd4 Bd7 29. Nde2 b5 30. Bd4 Be6 31. Qc3 Nh5 32. Bxg7 Nxg7 33. Qxc6 Qg5 34. f4 Qe7 35. Qxb5 Bg4 36. e5 h5 37. h3 Bxe2 38. Qxe2 Ne6 39.
Ne4 Nxf4 40. Qa6 Qxe5 41. Nf6+ Kg7 42. Nxe8+ Qxe8 43. Qa1+ Kh7 44. Re1 Qc6 45. Qb2 Nd3 46.
Qd2 Nxe1 47. Qxe1 Qb6+ 48. Kh1 Qb5 49. Qc3 Kg8 50. Qc8+ Kh7 51. Qc5 Qf1+ 52. Kh2 Qf4+ 53. Kh1 Qf1+ 54. Qg1 Qf4 55. Qb1 Qb8 56. b5 Qb6 57. Qb3 Kg7 58. Qd5 1-0

[Event "Early-Titled-Tuesday-Blitz-June-18-2024"]
[Site "Chess.com"]
[Date "2024.06.18"]
[Round "1"]
[White "InitiatingASC"]
[Black "kids2010"]
[Result "1-0"]
[WhiteElo "2446"]
[BlackElo "2753"]
[TimeControl "180+1"]
[EndTime "8:08:42 PDT"]
[Termination "InitiatingASC won by resignation"]

1. d4 d5 2. c4 e6 3. Nc3 c5 4.
cxd5 cxd4 5. Qxd4 Nc6 6. Qa4 exd5 7. Nf3 d4 8. Nb5 Bd7 9. Bf4 Bb4+ 10. Nd2 Rc8 11. Nxd4 Nf6 12. Nxc6 Bxd2+ 13. Bxd2 Bxc6 14. Qa3 Ne4 15. Rd1 Qf6 16. Be3 a6 17. h4 h6 18.
Rh3 Qe6 19. Bd4 f6 20. Re3 f5 21. f3 f4 22. Rxe4 Bxe4 23. fxe4 Qxe4 24. Qd6 Rd8 25. Qe5+ Qxe5 26. Bxe5 Rxd1+ 27. Kxd1 O-O 28. Ke1 g5 29. hxg5 hxg5 30. g3 f3 31. Bd4 Kh7 32. Kf2 fxe2+ 33.
Kxe2 Kg6 34. Bg2 Re8+ 35. Kd3 Re7 36. Be4+ Kh5 37. Bf5 g4 38. Be4 Rf7 39. Be3 Rd7+ 40.
Kc4 Re7 41. Kd5 Rd7+ 42. Ke6 Rd1 43. Bf4 Re1 44. Kf5 Re2 45. Bxb7 Rxb2 46. Bxa6 Rxa2 47. Bc4 Ra5+ 48. Ke4 Ra4 49. Kd4 Rb4 50. Kc5 Rb7 51. Kc6 Ra7 52. Be6 Ra6+ 53. Kd7 Ra7+ 54. Ke8 Kg6 55.
Bxg4 Kf6 56. Kd8 Ra4 57. Kc7 Ra2 58. Kc6 Rh2 59. Kd5 Kg6 60. Ke4 Kf6 61. Kf3 Rh8 62. Be3 Re8 63. Kf4 Kg6 64. Bf5+ Kf6 65. g4 Kg7 66.
Bd4+ Kf8 67. g5 Rd8 68. Bf6 Rd1 69. g6 Rf1+ 70. Kg5 Rg1+ 71. Kh6 Rh1+ 72. Kg5 Rg1+ 73. Bg4 Rg2 74. Be5 Rg1 75. Kf5 Rf1+ 76. Ke6 Rg1 77. Bf5 Rg2 78. Kf6 Rf2 79. Bd6+ Kg8 80. Bc5 Rf1 81. Kg5 Re1 82. Bd4 Re2 83. Kf6 Re1 84.
Be6+ 1-0

[Event "Early-Titled-Tuesday-Blitz-June-18-2024"]
[Site "Chess.com"]
[Date "2024.06.18"]
[Round "1"]
[White "Dr_Pepper18"]
[Black "Individoom"]
[Result "1-0"]
[WhiteElo "2481"]
[BlackElo "2786"]
[TimeControl "180+1"]
[EndTime "8:08:43 PDT"]
[Termination "Dr_Pepper18 won by resignation"]

1. d4 Nf6 2. c4 g6 3. Nc3 Bg7 4. e4 d6 5. Be2 O-O 6. Be3 e5 7. d5 Na6 8. g4 Nc5 9. f3 a5 10. h4 c6 11. Nh3 cxd5 12. cxd5 Bd7 13. Nf2 a4 14. Rb1 Qa5 15. Qd2 Rfc8 16. O-O b5 17.
Rfc1 Ne8 18. Ncd1 Qxd2 19. Bxd2 Bf6 20. h5 Bh4 21. Bb4 Bg5 22. Rc2 gxh5 23. gxh5 Nf6 24. Kh1 Nxh5 25. Nc3 Ng3+ 26. Kg2 Nxe2 27. Rxe2 Kh8 28.
Rg1 Rg8 29. Kf1 Bf4 30. Rxg8+ Rxg8 31. Rc2 Rg3 32. Ne2 Rxf3 33. Nxf4 Rxf4 34. Bxc5 dxc5 35. Rxc5 Kg7 36. Rc7 Bh3+ 37. Kg1 Rf3 38. d6 Rg3+ 39. Kh1 Be6 40. d7 Bxd7 41. Rxd7 Re3 42. Kg2 Re2 43.
Kf3 Rxb2 44. Ng4 Rxa2 45. Nxe5 b4 46. Rxf7+ Kg8 47. Rb7 b3 48. Nc4 Rc2 49. Ne3 Rc3 50.
e5 a3 51. e6 a2 52. Rb8+ Kg7 53. e7 Rxe3+ 54. Kxe3 a1=Q 55. e8=Q Qe1+ 56. Kd4 Qd2+ 57.
Ke5 Qe3+ 58. Kd6 Qd4+ 59. Ke7 Qe5+ 60. Kd7 Qd5+ 61. Kc8 Qc5+ 62. Kd8 Qd6+ 63. Qd7+ Qxd7+ 64. Kxd7 Kg6 65. Rxb3 Kg5 66. Ke6 h5 67. Ke5 Kg4 68. Rb4+ Kg3 69. Kf5 h4 70. Rb3+ Kg2 71. Kg4 h3 72. Rxh3 1-0

[Event "Early-Titled-Tuesday-Blitz-June-18-2024"]
[Site "Chess.com"]
[Date "2024.06.18"]
[Round "1"]
[White "Heliosis11"]
[Black "Bob_2004"]
[Result "0-1"]
[WhiteElo "2425"]
[BlackElo "2760"]
[TimeControl "180+1"]
[EndTime "8:08:47 PDT"]
[Termination "Bob_2004 won on time"]

1. e4 c5 2. Nf3 Nf6 3. e5 Nd5 4. Nc3 Nxc3 5. dxc3 Nc6 6. Bd3 d5 7. exd6 exd6 8. O-O Be7 9. Re1 O-O 10. h3 Be6 11.
Bf4 Re8 12. Qd2 Qd7 13. Rad1 Rad8 14. Ng5 Bf5 15. Bxf5 Qxf5 16. Nf3 d5 17. Ne5 Bf8 18. g4 Qc8 19. Nxc6 bxc6 20. Bg3 h5 21. Qg5 hxg4 22.
hxg4 Rxe1+ 23. Rxe1 Re8 24. Rxe8 Qxe8 25. Qe5 Qd7 26.
f3 f6 27. Qc7 Qxc7 28. Bxc7 Kf7 29. Kf2 c4 30. b3 Bc5+ 31. Ke2 Ke6 32. a4 f5 33. gxf5+ Kxf5 34. b4 Be7 35. a5 a6 36. Bb6 Kf4 37. Be3+ Kg3 38. Bd4 Bf6 39. Bf2+ Kg2 40. Be1 Be5 41. Bd2 Bf6 42. Ke3 Bg5+ 43.
f4 Bf6 44. Be1 Kf1 45. Bd2 Kg2 46. Be1 g6 47. Bd2 Kg3 48. Be1+ Kg4 49. Bd2 Bg7 50. Kf2 Bh6 51. Be3 Bxf4 52. Bd4 Kh3 53. Kf3 Bd2 54. Ke2 Bc1 55. Kf3 g5 56. Be5 g4+ 57. Kf2 Bg5 58. Bd4 Bf4 59. Kf1 g3 60. Ke2 Bg5 61.
Kf1 g2+ 62. Ke1 Bf6 63. Bg1 Bxc3+ 64. Ke2 Bxb4 65. Kf3 Bxa5 66. Kf4 Bc3 67. Kf3 Be5 68. Ke2 Bh2 69. Kf2 Bxg1+ 70. Kxg1 c3 0-1

[Event "Early-Titled-Tuesday-Blitz-June-18-2024"]
[Site "Chess.com"]
[Date "2024.06.18"]
[Round "1"]
[White "Shiner22"]
[Black "chess123456s"]
[Result "0-1"]
[WhiteElo "2279"]
[BlackElo "2624"]
[TimeControl "180+1"]
[EndTime "8:08:47 PDT"]
[Termination "chess123456s won on time"]

1. e4 c5 2. d4 cxd4 3. c3 dxc3 4. Nxc3 Nc6 5. Nf3 d6 6. Bc4 a6 7. O-O Nf6 8. Be3 Bg4 9. Qb3 e6 10. Nd4 Nxd4 11. Bxd4 b5 12. Nxb5 axb5 13. Bxb5+ Nd7 14.
h3 e5 15. Bb6 Be6 16. Bxd8 Bxb3 17. axb3 Rxd8 18. Ra7 d5 19. Rc1 Bd6 20. exd5 Ke7 21. f4 e4 22. f5 g6 23. f6+ Kxf6 24. Bxd7 Ke5 25. Bc6 f5 26. Kf2 Rb8 27. Rc3 Bb4 28. Rc4 Bd6 29. g3 Rxb3 30. Ra2 Rhb8 31. Rc2 g5 32. Ba4 Rf3+ 33. Kg2 Kf6 34. Rc6 Ke7 35. g4 f4 36. Bc2 Rg3+ 37. Kf1 Rb7 38. Bxe4 Re3 39. Bf5 f3 40. Raa6 Bg3 41. Re6+ Rxe6 42.
Rxe6+ Kf7 43. d6 Rxb2 44. Re7+ Kf6 45. Re3 Rf2+ 46. Kg1 Rg2+ 47. Kf1 Rf2+ 48. Kg1 Rd2 49. Rxf3 Bxd6 50. Bxh7+ Bf4 51. Bf5 Rd1+ 52. Kg2 Ke5 53. Rf2 Kd4 54. Re2 Be3 55. h4 gxh4 56. g5 Bxg5 57. Bg4 Rd3 58. Bf5 Rg3+ 59. Kh2 Be3 60. Bh7 Ke5 61. Bc2 Kf4 62. Rg2 Rf3 63. Bd3 Bf2 64.
Be2 Bg3+ 65. Kg1 Rc3 66. Bf1 Rc1 67. Ra2 h3 68. Ra4+ Kf5 69. Ra3 h2+ 70. Kg2 Rxf1 0-1

[Event "Early-Titled-Tuesday-Blitz-June-18-2024"]
[Site "Chess.com"]
[Date "2024.06.18"]
[Round "1"]
[White "GameOverBro"]
[Black "Dolphin_2010"]
[Result "0-1"]
[WhiteElo "2417"]
[BlackElo "2741"]
[TimeControl "180+1"]
[EndTime "8:08:48 PDT"]
[Termination "Dolphin_2010 won by checkmate"]

1. e4 c6 2. Nc3 d5 3. Nf3 dxe4 4. Nxe4 Nf6 5. Qe2 Nxe4 6. Qxe4 Qd5 7. Qe3 Bf5 8. Nd4 Bg6 9. c4 Qd6 10. Be2 Nd7 11.
O-O e6 12. a3 Be7 13. b4 Bf6 14. Bb2 Rd8 15. c5 Qe5 16. Bc3 O-O 17. Bc4 Qxe3 18.
fxe3 Ne5 19. Bb3 Be4 20. Rf4 Bd5 21. Bc2 Ng6 22. Rf2 Bc4 23. d3 Bd5 24. Rxf6 gxf6 25. e4 e5 26. Ne2 Be6 27. Rf1 Kg7 28. Ng3 Nf4 29. Rxf4 exf4 30. Nh5+ Kh6 31. Nxf6 b6 32. cxb6 axb6 33. Bd2 Kg6 34. e5 Bf5 35. Bxf4 Bxd3 36.
Bd1 Bf5 37. Bh5+ Kg7 38. Bf3 h6 39. Bxc6 Rd1+ 40. Kf2 Ra1 41. a4 Ra2+ 42. Kg3 Ra3+ 43.
Kh4 Rb3 44. b5 Rb4 45. g3 Rxa4 46. Ne8+ Kh7 47. Nf6+ Kg7 48. Ne8+ Kh8 49. Kh5 Be4 50. Nf6 Bxc6 51. bxc6 Rc8 52. Kxh6 Rxc6 53. Kg5 b5 54. h4 Rxf4 55. Kxf4 b4 56. Nd5 b3 57. Ne7 Rc4+ 58. Kf5 b2 59. Kf6 b1=Q 60. Kxf7 Qb7 61. Kf6 Rc2 62. Nf5 Rf2 63. g4 Qe4 64. Kg5 Qf4+ 65.
Kh5 Qxe5 66. Kg6 Qe6+ 67. Kg5 Rf3 68. h5 Kh7 69. Nh4 Qf6# 0-1

[Event "Early-Titled-Tuesday-Blitz-June-18-2024"]
[Site "Chess.com"]
[Date "2024.06.18"]
[Round "1"]
[White "AjedrezInteligente"]
[Black "Statham_01"]
[Result "1-0"]
[WhiteElo "2429"]
[BlackElo "2719"]
[TimeControl "180+1"]
[EndTime "8:08:48 PDT"]
[Termination "AjedrezInteligente won by checkmate"]

1. e4 b6 2. d4 Bb7 3. Bd3 d5 4. e5 e6 5. f4 g6 6. Nf3 h5 7. O-O c5 8. c3 Nh6 9. Be3 a6 10. Nbd2 Nc6 11. Qe2 c4 12. Bc2 b5 13. a3 a5 14. Ng5 Be7 15. Nxe6 fxe6 16. Bxg6+ Kd7 17. f5 exf5 18. Bxf5+ Nxf5 19. Rxf5 Kc7 20. Rxh5 Rxh5 21. Qxh5 Qg8 22. Rf1 Rf8 23. Rxf8 Bxf8 24. Nf3 b4 25. axb4 axb4 26. Ng5 bxc3 27. bxc3 Bc8 28. Qe8 Bd7 29. Qa8 Bc8 30. Bf4 Bb7 31. Qxf8 Qg6 32. Qg7+ Qxg7 33.
Ne6+ Kd7 34. Nxg7 Ke7 35. Nf5+ Ke6 36. g4 Na7 37. h4 Nb5 38. Bd2 Bc6 39. Kf2 Be8 40.
Kg3 Bg6 41. Kf4 Na3 42. Kg5 Bh7 43. h5 Nb1 44. Be1 Na3 45. h6 Nc2 46. Bd2 Na3 47.
Ng7+ Kf7 48. Nh5 Nb5 49. Nf6 Bd3 50. Nxd5 Na7 51. e6+ Kxe6 52. Nf4+ Kf7 53. Nxd3 cxd3 54. h7 Kg7 55. Kf5 Nc6 56. Ke4 Kxh7 57. Kxd3 Kg6 58. Ke4 Kf6 59. d5 Ne7 60. c4 Nc8 61. c5 Ke7 62. Bg5+ Kd7 63. c6+ Kd6 64. Bf4+ Kc5 65. g5 Ne7 66. c7 Kb6 67. d6 Ng6 68. d7 Ne7 69. d8=Q Nc6 70. c8=Q+ Ka7 71. Qdc7# 1-0

[Event "Early-Titled-Tuesday-Blitz-June-18-2024"]
[Site "Chess.com"]
[Date "2024.06.18"]
[Round "1"]
[White "KnightDuta"]
[Black "Cheer_Down"]
[Result "1-0"]
[WhiteElo "2747"]
[BlackElo "2419"]
[TimeControl "180+1"]
[EndTime "8:08:54 PDT"]
[Termination "KnightDuta won on time"]

1. e4 e6 2. d4 d5 3. Nd2 c5 4. exd5 exd5 5. Ngf3 Nc6 6. Bb5 Qe7+ 7. Be2 Qc7 8. dxc5 Bxc5 9. Nb3 Be7 10. Nbd4 a6 11.
O-O Nf6 12. h3 h6 13. Bd3 O-O 14. c3 Re8 15. Re1 Bd7 16. Be3 Bd6 17. Nf5 Bxf5 18. Bxf5 Rad8 19. Nd4 Ne4 20. Qg4 Ne5 21. Qe2 Nc4 22.
Bxe4 Rxe4 23. Nf5 Nxe3 24. Nxe3 Bc5 25. Qd3 Bxe3 26. Rxe3 Rxe3 27. Qxe3 Qc4 28. b3 Qc6 29. Rd1 Re8 30. Qf3 Re5 31. g3 Qe6 32. Kg2 g6 33. h4 h5 34. Rd4 Re2 35. a4 Re4 36. Rd2 Re5 37. a5 Re4 38. Qd3 Re5 39. Qd4 Kh7 40.
Qf4 Kg8 41. Qf3 Re4 42. Qd3 Re5 43. Ra2 Re4 44. Ra1 Kh7 45. Rd1 Re5 46. Qd4 Kg8 47. Qc5 Qc6 48. Qxc6 bxc6 49. Kf3 d4 50. Rxd4 Rxa5 51. Rd8+ Kg7 52. b4 Ra3 53. Rd3 a5 54.
bxa5 Rxa5 55. Ke4 Rc5 56. Kd4 Rf5 57. f4 Kf8 58. Kc4 Ke7 59. Rd1 Ra5 60. Re1+ Kd7 61. Rd1+ Ke7 62. Rb1 Kd6 63. Rb7 Rf5 64. Kd4 Rf6 65.
c4 Rf5 66. Ra7 Rf6 67. c5+ Ke6 68. Rc7 Kf5 69. Ke3 1-0

[Event "Early-Titled-Tuesday-Blitz-June-18-2024"]
[Site "Chess.com"]
[Date "2024.06.18"]
[Round "1"]
[White "jaskol95"]
[Black "Hirna2005"]
[Result "0-1"]
[WhiteElo "2606"]
[BlackElo "2291"]
[TimeControl "180+1"]
[EndTime "8:08:55 PDT"]
[Termination "Hirna2005 won by checkmate"]

1. e4 g6 2. d4 Bg7 3. Nc3 d6 4. Bf4 a6 5. a4 Nc6 6. Nf3 Nxd4 7. Nxd4 e5 8. Be3 exd4 9. Bxd4 Nf6 10. Bc4 O-O 11.
O-O Be6 12. Bxe6 fxe6 13. e5 dxe5 14. Bxe5 Nd5 15. Bxg7 Kxg7 16. Qd4+ Qf6 17. Qxf6+ Rxf6 18. Ne4 Rf4 19. Nc5 Rc4 20. Nxe6+ Kf6 21. Rae1 Rxc2 22. b3 Re8 23. Nd4 Rxe1 24. Rxe1 Rb2 25. g3 Nc3 26.
Rc1 Rb1 27. Rxb1 Nxb1 28. f4 Nd2 29. b4 Ne4 30. Kg2 Nc3 31. a5 Nd5 32. b5 axb5 33. Nxb5 Ke6 34. Kf3 Kd7 35. Ke4 c6 36. Nd4 Kd6 37.
f5 gxf5+ 38. Kxf5 c5 39. Nc2 Nb4 40. Ne3 Nc6 41. Kg5 Nxa5 42. Kh6 b5 43. Kxh7 b4 44. g4 b3 45. Nd1 Kd5 46. g5 Nc6 47. Kg7 Kd4 48.
Kf6 c4 49. g6 c3 50. g7 c2 51. Nf2 c1=Q 52. g8=Q Qf4+ 53. Ke6 Qe5+ 54. Kd7 Qd5+ 55. Qxd5+ Kxd5 56. Nd1 Ne5+ 57. Ke7 Ke4 58. Kf6 Nf3 59. h3 Kd3 60. Kf5 Kc2 61. Ne3+ Kd2 62. Nc4+ Kc3 63. Na3 Nd4+ 64. Ke4 Nc2 65. Nb5+ Kc4 66. Nd6+ Kc5 67. Kd3 Kxd6 68. Kc3 Nd4 69. h4 Ke6 70. Kd3 Kf5 71. Kc3 Kg4 72. Kb2 Kxh4 73. Ka1 Kg4 74. Kb2 Kf4 75. Kc3 Ke4 76. Kb2 Kd3 77. Ka1 Kc4 78. Kb2 Kb4 79. Ka1 Ka3 80. Kb1 Nc2 81. Kc1 Ka2 82.
Kd2 b2 83. Kd1 b1=Q+ 84. Kd2 Nb4 85. Kc3 Qb3+ 86. Kd2 Ka3 87. Kc1 Qa2 88. Kd1 Kb3 89. Kc1 Qc2# 0-1

[Event "Early-Titled-Tuesday-Blitz-June-18-2024"]
[Site "Chess.com"]
[Date "2024.06.18"]
[Round "1"]
[White "JG-17"]
[Black "scarabee43"]
[Result "1-0"]
[WhiteElo "2517"]
[BlackElo "2875"]
[TimeControl "180+1"]
[EndTime "8:09:01 PDT"]
[Termination "JG-17 won on time"]

1. e4 d6 2. d4 g6 3. Nc3 Bg7 4. g3 Nf6 5. Bg2 O-O 6. Nge2 e5 7. O-O Nc6 8. Re1 Bg4 9. f3 Bd7 10. Be3 exd4 11. Nxd4 Re8 12. Qd2 Ne5 13. b3 c6 14. Rad1 Qa5 15. a3 Qxa3 16. Ra1 Qb4 17. Ra4 Qb6 18. Nf5 Qc7 19. Nxg7 Kxg7 20. Rd4 Bh3 21.
Rxd6 Bxg2 22. Kxg2 Rad8 23. Rd1 Rxd6 24. Qxd6 Qa5 25.
b4 Qa3 26. Bd4 Re6 27. Qc7 Nc4 28. Qxb7 Ne3+ 29. Bxe3 Qxc3 30. Qxa7 Qxc2+ 31. Rd2 Qb3 32. Qd4 h6 33. Rb2 Qa3 34. Bd2 Kh7 35. Bc3 Qa6 36. h4 h5 37. Rd2 Qa3 38. Bb2 Qb3 39. Rd3 Qc2+ 40. Rd2 Qb3 41. Qc3 Qa4 42. Rd7 Kg7 43. Rd8 Qb5 44. Rd2 Kh7 45. Rc2 Kg8 46. Rd2 Kf8 47.
Kh3 Qf1+ 48. Kh2 Kg7 49. Qd4 Qxf3 50. Rf2 Qxe4 51. Qxe4 Rxe4 52. Bxf6+ Kh7 53. Bc3 f5 54. Rd2 Rc4 55. Rd7+ Kg8 56. Be1 Rc1 57. Bf2 Rb1 58. Rb7 Rb3 59. Kg2 Kf8 60. Rb6 Kf7 61. Bc5 Rb2+ 62.
Kf3 Ke6 63. Rxc6+ Ke5 64. Rxg6 Rb3+ 65. Kf2 Ke4 66. Re6+ Kd5 67. Re3 Rb1 68. Kf3 Rf1+ 69. Kg2 Rb1 70. Rf3 Ke4 71. Rf4+ Ke5 72. Rf2 Kd5 73.
Re2 Rb3 74. Kf2 Rc3 75. Re3 Rc2+ 76. Kf3 Rc4 77. Rb3 Ke5 78. Be3 Rc8 79. b5 1-0

[Event "Early-Titled-Tuesday-Blitz-June-18-2024"]
[Site "Chess.com"]
[Date "2024.06.18"]
[Round "1"]
[White "IngOscarArdila"]
[Black "Mikasinski"]
[Result "1/2-1/2"]
[WhiteElo "2406"]
[BlackElo "2709"]
[TimeControl "180+1"]
[EndTime "8:09:01 PDT"]
[Termination "Game drawn - insufficient material"]

1. d4 Nf6 2. c4 e6 3. Nc3 d5 4.
Bg5 Be7 5. Nf3 O-O 6. e3 Nbd7 7. Qc2 h6 8. Bh4 c5 9. cxd5 Nxd5 10. Bxe7 Nxe7 11. Be2 cxd4 12. Nxd4 Qa5 13. O-O a6 14. Rfd1 Ne5 15. Nb3 Qc7 16. Rac1 b5 17. f4 N5g6 18. Bf3 Bb7 19. Qf2 Rad8 20. Rxd8 Rxd8 21. Nxb5 Qb6 22. N5d4 e5 23. Bxb7 exd4 24. Be4 dxe3 25. Qf3 e2+ 26. Kh1 Nxf4 27. g3 Nh3 28. Qxe2 Qf2 29. Bf3 Nf5 30. Qxf2 Nxf2+ 31. Kg2 Nd3 32. Rc6 Ne3+ 33. Kh3 Ne5 34. Rc3 Nf5 35. Be4 Nd6 36. Bb1 f5 37. Rc7 g5 38. Nc5 Nf3 39. Ne6 Re8 40. Rg7+ Kh8 41. Rg6 Nf7 42. Bxf5 N3e5 43. Rf6 Rb8 44. b3 Rb6 45. g4 Rb4 46. Kg3 a5 47. Nc5 Kg7 48. Ra6 Rd4 49. Be6 Rf4 50. Bxf7 Kxf7 51. Ra7+ Kf6 52.
Ra6+ Ke7 53. Ra7+ Kd6 54. Nb7+ Kd5 55. Nxa5 Rxg4+ 56. Kf2 Rh4 57. Ke3 Rh3+ 58. Kd2 Rxh2+ 59. Kc3 Rxa2 60. Nc6 Rxa7 61. Nxa7 g4 62. Kd2 h5 63. Ke3 h4 64. Kf4 g3 65. Nb5 g2 66. Nc3+ Kc5 67.
Ne2 Nd3+ 68. Kf3 h3 69. Kg3 Ne1 70. Kxh3 Kb4 71. Kh2 Kxb3 72. Nf4 g1=Q+ 73. Kxg1 1/2-1/2